 Dungeon Crawl Stone Soup version 0.29.1-1-gd02db6906a (webtiles) character file.

Game seed: 3360779629397417281

54 Earthwalker the Shield-Bearer (level 3, -1/36 HPs)
             Began as a Troll Fighter on Oct 4, 2022.
             Killed by divine providence
             ... invoked by an orc priest
              (10 damage)
             ... on level 2 of the Dungeon.
             The game lasted 00:03:06 (751 turns).

Earthwalker the Shield-Bearer (Troll Fighter)        Turns: 751, Time: 00:03:06

Health: -1/36      AC:  4    Str: 24    XL:     3   Next: 66%
Magic:  2/2        EV:  9    Int:  4    God:
Gold:   72         SH:  7    Dex: 11    Spells: 2/2 levels left

rFire   . . .      SeeInvis .   a - +0 long sword
rCold   . . .      Faith    .   c - +0 kite shield
rNeg    . . .      Spirit   .   b - +0 robe
rPois   .          Reflect  .   (helmet restricted)
rElec   .          Harm     .   (no cloak)
rCorr   .          Rampage  .   (gloves unavailable)
Will    .....                   (boots unavailable)
Stlth   +.........              (no amulet)
HPRegen 0.92/turn               (no ring)
MPRegen 0.08/turn               (no ring)

@: no status effects
A: large, unfitting armour, claws 3, regeneration 1, shaggy fur 1, tough skin 1
a: no special abilities


You were on level 2 of the Dungeon.
You visited 1 branch of the dungeon, and saw 2 of its levels.

You collected 72 gold pieces.

Inventory:

Hand Weapons
 a - a +0 long sword (weapon)
Armour
 b - a +0 robe (worn)
 c - a +0 kite shield (worn)
Jewellery
 g - a ring of magical power
Scrolls
 f - a scroll of enchant armour {unknown}
 j - a scroll of identify {unknown}
 l - a scroll of blinking {unknown}
Potions
 d - 2 potions of might
 e - a potion of curing {unknown}
 h - a potion of mutation {unknown}
 i - 2 potions of ambrosia {unknown}
 k - a potion of brilliance {unknown}


   Skills:
 + Level 2.7 Fighting
 + Level 2.3 Long Blades
 + Level 2.9 Dodging
 + Level 2.9 Shields


You had 2 spell levels left.
You didn't know any spells.
Your spell library was empty.

Dungeon Overview and Level Annotations

Branches:
Dungeon (2/15)

Altars:


Innate Abilities, Weirdness & Mutations

You are too large for most types of armour.
You have claws for hands.
Your natural rate of healing is unusually fast.
You are covered in fur. (AC +1)
You have tough skin. (AC +1)


Message History

The orc attacks as you move away! You block the orc's attack.
The goblin attacks as you move away! The goblin barely misses you.
Things that are here:
a +0 hand axe; a +0 club The goblin attacks as you move away!
The goblin closely misses you.
You hit the orc.
The orc is moderately wounded.
The orc completely misses you.
You hit the orc.
You kill the orc!
The orc priest looks braver for a moment.
You slash the goblin!
You kill the goblin!
The orc hits you but does no damage.
You hit the orc.
The orc is heavily wounded.
The orc hits you with a +0 hand axe.
You hit the orc.
You kill the orc!
You slash the orc!
The orc is almost dead.
The orc closely misses you.
The orc priest hits you from afar with a +0 trident!
The orc priest calls upon Beogh to heal the orc.
The orc is healed somewhat.
The orc closely misses you.
The orc priest hits you from afar with a +0 trident.
You hit the orc.
The orc is moderately wounded.
The orc hits you but does no damage. You block the orc priest's attack.
You completely miss the orc.
The orc is moderately wounded.
The orc hits you with a +0 short sword.
The orc priest invokes the aid of Beogh against you.
Beogh smites you!
* * * LOW HITPOINT WARNING * * *
The orc hits you with a +0 short sword.
* * * LOW HITPOINT WARNING * * *
The orc priest invokes the aid of Beogh against you.
Beogh smites you!
You die...

...###..#
..#..##..#
.....o#..#
..o..o#..#
.....o#.## ..
..#..##.# ....
..o###.#
.....#########..#
#...)...ooo@.##
#.###....o####
#.....# #.......#
#....##..: #..###
### ...## ##.. #.


You could see 2 orc priests and 2 orcs.

Vanquished Creatures
  An adder (D:2)
  2 dart slugs (D:1)
  5 orcs (D:2)
  2 ball pythons (D:1)
  An endoplasm (D:1)
  A giant cockroach (D:1)
  5 goblins
  3 hobgoblins
  3 jackals (D:1)
  3 quokkas (D:1)
  2 bats (D:1)
  3 kobolds (D:1)
  2 rats (D:1)
33 creatures vanquished.

Notes
Turn   | Place    | Note
-------+----------+-------------------------------------------
     0 | D:1      | Earthwalker the Troll Fighter began the quest for the Orb.
     0 | D:1      | Reached XP level 1. HP: 22/22 MP: 0/0
   163 | D:1      | Reached XP level 2. HP: 29/29 MP: 1/1
   563 | D:1      | Reached XP level 3. HP: 35/35 MP: 2/2
   751 | D:2      | Killed from afar by an orc priest

Illustrated notes

Levels and vault maps discovered:
D:1:      minmay_arrival_stair_chambers, layout_rooms, nrook_uturn,
          minmay_vboxes
D:2:      cheibrodos_pilgrimage, layout_rooms, serial_shops,
          nicolae_shop_advertising_works [nicolae_subvault_shop_adworks]

Skill      XL: |  1  2 |
---------------+-------+-----
Long Blades    | 2 |  2.3
Fighting       | |  2.7
Dodging        | |  2.9
Shields        | |  2.9

Action                   || total
-------------------------++-------
Melee: Long sword        ||    98
Armor: Robe              ||    33
Dodge: Dodged            ||    46
Block: Kite shield       ||    41
